 Dungeon Crawl Stone Soup version 0.31-a0-876-gfe8ebadbca (webtiles) character file.

Game seed: 4839732427369239186

5021 Pooter the Ruffian (level 10, -3/81 HPs)
             Began as a Troll Earth Elementalist on Oct 14, 2023.
             Was a Priest of Okawaru.
             Engulfed by a steam dragon's steam (9 damage)
             ... on level 8 of the Dungeon.
             The game lasted 00:49:05 (7381 turns).

Pooter the Ruffian (Troll Earth Elementalist)       Turns: 7381, Time: 00:49:06

Health: -3/81      AC:  8    Str: 18    XL:     10   Next: 30%
Magic:  13/14      EV:  9    Int: 15    God:    Okawaru [***...]
Gold:   450        SH:  0    Dex: 10    Spells: 3/16 levels left

rFire   . .          .
                       - Unarmed
rCold   . . .        (no shield)
rNeg    . . .        a - +0 robe
rPois   .            (helmet restricted)
rElec   .            (no cloak)
rCorr   .            (gloves unavailable)
SInv    .            (boots unavailable)
Will    +....        q - amulet of the acrobat
Stlth   +            h - +4 ring of protection
HPRegen 1.13/turn    e - ring of willpower
MPRegen 0.14/turn

%: acrobat
@: no status effects
A: large, unfitting armour, claws 3, regeneration 1, shaggy fur 1, tough skin 1
a: Renounce Religion, Heroism


You were on level 8 of the Dungeon.
You worshipped Okawaru.
Okawaru was most pleased with you.
You visited 2 branches of the dungeon, and saw 9 of its levels.

You collected 450 gold pieces.

Inventory:

Hand Weapons
 b - a +0 orcbow
   (You took it off a centaur on level 6 of the Dungeon)
Missiles
 k - 4 boomerangs
 x - 7 javelins (quivered)
 z - 5 atropa-tipped darts
 B - a throwing net {!f}
 E - 3 poisoned darts
 G - a curare-tipped dart
 Q - 102 stones
Armour
 a - a +0 robe (worn)
Jewellery
 e - a ring of willpower (right claw)
   (You found it on level 2 of the Dungeon)
 h - a +4 ring of protection (left claw)
   (You found it on level 2 of the Dungeon)
 o - a ring of ice
   (You found it on level 4 of the Dungeon)
 q - an amulet of the acrobat (around neck)
   (You found it on level 3 of the Dungeon)
 F - a ring of protection from fire
   (You found it on level 1 of the Dungeon)
 K - an amulet of magic regeneration
   (You found it on level 8 of the Dungeon)
Talismans
 s - a blade talisman
   (You found it on level 7 of the Dungeon)
Wands
 u - a wand of paralysis (4)
   (You found it on level 5 of the Dungeon)
Scrolls
 g - 3 scrolls of fog
 j - a scroll of silence
 l - a scroll of enchant weapon
 r - 2 scrolls of immolation {!r}
 t - 6 scrolls of teleportation {@r4}
 v - a scroll of amnesia
 y - a scroll of butterflies {unknown}
 H - a scroll of revelation {unknown}
 I - a scroll of brand weapon {unknown}
 L - a scroll of vulnerability {unknown}
Potions
 c - 3 potions of haste {@q3}
 d - 2 potions of mutation {unknown}
 f - 2 potions of heal wounds {unknown}
 i - a potion of curing {unknown}
 m - 2 potions of might {unknown}
 n - 3 potions of enlightenment
 p - a potion of ambrosia {unknown}
 w - a potion of magic
 A - a potion of brilliance {unknown}
 C - a potion of cancellation {unknown}
 D - 2 potions of berserk rage {unknown}
 J - 2 potions of lignification {unknown}


   Skills:
 + Level 2.2 Ranged Weapons
 - Level 1.5 Dodging
 - Level 1.0 Stealth
 * Level 7.1 Unarmed Combat
 + Level 3.5 Spellcasting
 + Level 4.4 Conjurations
 + Level 3.7 Transmutations
 + Level 2.7 Air Magic
 + Level 5.4 Earth Magic
 * Level 3.7 Poison Magic
 + Level 0.6 Invocations
 + Level 1.0 Shapeshifting


You had 3 spell levels left.
You knew the following spells:

 Your Spells              Type           Power      Damage    Failure   Level
a - Sandblast             Erth           38%        2d10      1%          1
b - Stone Arrow           Conj/Erth      34%        3d9       8%          3
c - Poisonous Vapours     Pois/Air       24%        N/A       8%          2
d - Brom's Barrelling Bo  Conj/Erth      17%        2d4       26%         4
e - Mephitic Cloud        Conj/Pois/Air  13%        N/A       13%         3

Your spell library contained the following spells:

 Spells                   Type           Power      Damage    Failure   Level
 Passwall                 Tmut/Erth      13%        N/A       4%          2
 Petrify                  Tmut/Erth      16%        N/A       28%         4
 Olgreb's Toxic Radiance  Pois           13%        N/A       38%         4
 Freezing Cloud           Conj/Ice/Air   4%         6-21      89%         5
 Discord                  Hex            1%         N/A       100%        8
 Ignition                 Fire           1%         3d3       100%        8
 Lehudib's Crystal Spear  Conj/Erth      8%         10d4      100%        8
 Summon Small Mammal      Summ           Unusable   N/A       N/A         1
 Call Canine Familiar     Summ           Unusable   N/A       N/A         3
 Summon Guardian Golem    Hex/Summ       Unusable   N/A       N/A         3
 Animate Armour           Summ/Erth      Unusable   N/A       N/A         4

Dungeon Overview and Level Annotations

Branches:
Dungeon (8/15) Zot: 26522  Temple (1/1) D:5 Zot: 5932
   Lair: D:8-11

Altars:
Ashenzari
Cheibriados
Dithmenos
Elyvilon
Fedhas
Gozag
Kikubaaqudgha
Makhleb
Nemelex Xobeh
Okawaru
Qazlal
Ru
Sif Muna
Trog
Uskayaw
Vehumet
Wu Jian
Xom
Yredelemnul
Zin
The Shining One


Innate Abilities, Weirdness & Mutations

You are too large for most types of armour.
You have claws for hands.
Your natural rate of healing is unusually fast.
You are covered in fur. (AC +1)
You have tough skin. (AC +1)


Message History

Something hits the centaur warrior.
Something kicks the centaur warrior but does no damage.
The centaur warrior hits you.
* * * LOW HITPOINT WARNING * * *
The centaur warrior closely misses you.
You barely miss the centaur warrior. You claw the centaur warrior!
The steam dragon breathes steam at you.
The ball of steam hits the orc.
The ball of steam hits you.
* * * LOW HITPOINT WARNING * * *
The orc is engulfed in a cloud of scalding steam.
The orc dies!
The centaur warrior barely misses you. The centaur warrior kicks you.
* * * LOW HITPOINT WARNING * * *
You claw the centaur warrior!
You kill the centaur warrior!
Okawaru is honoured by your kill.
You are engulfed in a cloud of scalding steam.
* * * LOW HITPOINT WARNING * * *
Your life force feels restored.
Your Shapeshifting skill increases to level 1!
You scratch the sleepcap.
You are engulfed in a cloud of scalding steam.
* * * LOW HITPOINT WARNING * * *
The steam dragon bites you.
* * * LOW HITPOINT WARNING * * *
The steam dragon claws you but does no damage.
The sleepcap releases spores at you but does no damage.
The centaur closely misses the steam dragon.
The centaur kicks the steam dragon but does no damage.
Unknown command.
You claw the steam dragon!
You are engulfed in a cloud of scalding steam.
The steam dragon barely misses you.
The steam dragon claws you but does no damage.
The sleepcap releases spores at you.
* * * LOW HITPOINT WARNING * * *
You are engulfed in a cloud of soporific spores!
You fall asleep.
You are engulfed in a cloud of scalding steam.
The centaur hits the sleepcap.
The centaur kicks the sleepcap but does no damage.
The steam dragon bites you!
You wake up.
* * * LOW HITPOINT WARNING * * *
The steam dragon claws you.
* * * LOW HITPOINT WARNING * * *
The sleepcap releases spores at you.
* * * LOW HITPOINT WARNING * * *
You claw the sleepcap!
You are engulfed in a cloud of scalding steam.
You die...

#### ....######
#.......##
.........#
####...ยง## ##....#
#..#.## #.....#
#@..#.#
.:!..(fD#.#.####
(.}.#c..#.....># #(
#...#.####.# #.$.#.#
... . ...##.# ##.#
..### ....#..#####
.# ......
...###......# #
......#####.....##.#


You could see a steam dragon, a sleepcap and a centaur (confused).

Vanquished Creatures
  A centaur warrior (D:8)
  An ugly thing (D:7)
  A komodo dragon (D:7)
  The ghost of CowFu the Trooper, an amateur OgFi (D:3)
  A wyvern (D:7)
  A steam dragon (D:7)
  Menkaure (D:4)
  A water moccasin (D:7)
  4 ice beasts
  2 black bears
  2 sky beasts (D:7)
  4 ogres
  3 centaurs
  3 bullfrogs
  A kobold brigand (D:7)
  4 scorpions
  6 wights
  A howler monkey (D:7)
  A jelly (D:6)
  A crimson imp (D:6)
  4 hounds
  An orc priest (D:7)
  5 sleepcaps
  A gnoll bouda (D:7)
  Natasha (thrice) (D:4)
  8 iguanas
  3 orc wizards
  9 adders
  2 white imps
  A worm (D:2)
  3 dart slugs
  17 orcs
  4 bats (D:1)
  5 endoplasms
  4 giant cockroaches
  6 goblins
  8 hobgoblins
  4 jackals (D:2)
  4 quokkas
  9 ball pythons
  2 frilled lizards (D:3)
  7 kobolds
  4 rats
154 creatures vanquished.

Vanquished Creatures (collateral kills)
  3 boulders
3 creatures vanquished.

Vanquished Creatures (others)
  A jelly (D:7)
  An orc (D:8)
  A boulder (D:8)
3 creatures vanquished.

Grand Total: 160 creatures vanquished

Notes
Turn   | Place    | Note
-------+----------+-------------------------------------------
     0 | D:1      | Pooter the Troll Earth Elementalist began the quest for the
                  | Orb.
     0 | D:1      | Reached XP level 1. HP: 16/16 MP: 1/1
    72 | D:1      | Reached XP level 2. HP: 14/24 MP: 0/3
    83 | D:1      | Reached skill level 1 in Unarmed Combat
   210 | D:1      | Found a faded altar of an unknown god.
   224 | D:1      | Reached skill level 1 in Transmutations
   514 | D:2      | Reached XP level 3. HP: 27/31 MP: 4/4
   536 | D:2      | Learned a level 3 spell: Stone Arrow
  1111 | D:2      | Reached skill level 2 in Unarmed Combat
  1118 | D:2      | Reached XP level 4. HP: 39/39 MP: 5/5
  1419 | D:2      | Reached skill level 1 in Conjurations
  1679 | D:3      | Found a blossoming altar of Fedhas.
  1708 | D:3      | Found a runed translucent door.
  1708 | D:3      | Noticed CowFu's ghost (amateur OgFi)
  1757 | D:3      | Found a white marble altar of Elyvilon.
  2041 | D:3      | Reached XP level 5. HP: 45/45 MP: 6/6
  2050 | D:3      | Found a bloodstained altar of Trog.
  2141 | D:3      | Killed CowFu's ghost
  2142 | D:3      | Reached skill level 3 in Unarmed Combat
  2142 | D:3      | Reached XP level 6. HP: 18/53 MP: 6/8
  2177 | D:3      | Learned a level 2 spell: Poisonous Vapours
  2192 | D:4      | Noticed Menkaure
  2223 | D:4      | Killed Menkaure
  2224 | D:4      | Reached XP level 7. HP: 59/59 MP: 9/9
  2556 | D:4      | Reached skill level 4 in Unarmed Combat
  2650 | D:4      | Noticed Natasha
  2656 | D:4      | Killed Natasha
  2750 | D:4      | Noticed Natasha
  2756 | D:4      | Killed Natasha
  2762 | D:4      | You fall into a shaft and drop 2 floors!
  2885 | D:6      | Reached skill level 1 in Poison Magic
  2933 | D:6      | Reached skill level 1 in Air Magic
  2948 | D:6      | Learned a level 4 spell: Brom's Barrelling Boulder
  3009 | D:6      | Reached XP level 8. HP: 62/67 MP: 10/10
  3270 | D:5      | Entered Level 5 of the Dungeon
  3459 | D:4      | Noticed Natasha
  3466 | D:4      | Killed Natasha
  3637 | D:5      | Found a staircase to the Ecumenical Temple.
  3645 | Temple   | Entered the Ecumenical Temple
  3695 | Temple   | Became a worshipper of Warmaster Okawaru
  4094 | D:5      | Reached skill level 5 in Unarmed Combat
  4818 | D:6      | Found a shimmering blue altar of Sif Muna.
  4966 | D:6      | Found a burning altar of Makhleb.
  5371 | D:7      | Reached * piety under Okawaru
  5490 | D:7      | Found a radiant altar of Vehumet.
  5574 | D:7      | Reached skill level 1 in Ranged Weapons
  5733 | D:7      | Reached XP level 9. HP: 74/74 MP: 7/12
  5963 | D:7      | Learned a level 3 spell: Mephitic Cloud
  5990 | D:7      | Noticed a komodo dragon
  6000 | D:7      | Killed a komodo dragon
  6001 | D:7      | Reached skill level 6 in Unarmed Combat
  6161 | D:7      | Noticed a green ugly thing
  6170 | D:7      | Killed a red ugly thing
  6170 | D:7      | Reached ** piety under Okawaru
  6171 | D:7      | Reached skill level 5 in Earth Magic
  6918 | D:8      | Reached XP level 10. HP: 67/81 MP: 14/14
  7027 | D:8      | Found a glowing golden altar of the Shining One.
  7030 | D:8      | Reached *** piety under Okawaru
  7239 | D:8      | Reached skill level 7 in Unarmed Combat
  7363 | D:8      | Noticed a centaur warrior
  7377 | D:8      | Killed a centaur warrior
  7378 | D:8      | Reached skill level 1 in Shapeshifting
  7381 | D:8      | Engulfed by a steam dragon's steam

Illustrated notes

Levels and vault maps discovered:
D:1:      dpeg_arrival_stone_temple_mockup, layout_rooms,
          hellmonk_ecumenical_altar_pennies_from_heaven,
          minmay_misc_feat_encased, minmay_distorted
D:2:      layout_basic
D:3:      wad_crossroads, layout_basic, nicolae_elyvilon_temple_path,
          mainiacjoe_overflow_brackets, mainiacjoe_overflow_cross_hatched,
          gammafunk_ghost_grave, st_stairs_2
D:4:      layout_basic, uniq_natasha, uniq_menkaure
D:5:      layout_basic, minmay_temple_entry_tees, minmay_holes, kennysheep_boxes
D:6:      layout_basic, lemuel_coloured_pillars_altar, makhleb_grotto_becter,
          kennysheep_pointless_box
D:7:      minmay_bubble_buster, layout_gridville, fiery_altar_vehumet,
          minivault_22
D:8:      layout_basic, nzn_hepliaklqana_mist_gate,
          mainiacjoe_overflow_concentric_impassable, minmay_radiant
Temple:   zaba_magenta_temple

Skill      XL: |  1  2  3  4  5  6  7  8  9 10 |
---------------+-------------------------------+-----
Unarmed Combat | 1 2 3 4 5 6 7 |  7.1
Transmutations | 1 2 3 |  3.7
Earth Magic    | 3 4 5 |  5.4
Conjurations   | 1 2 3 4 |  4.4
Spellcasting   | 2 3 |  3.5
Poison Magic   | 1 2 3 |  3.7
Air Magic      | 1 2 |  2.7
Ranged Weapons | 1 2 |  2.2
Shapeshifting  | 1 |  1.0
Dodging        | |  1.5
Stealth        | |  1.0
Invocations    | |  0.6

Action                     |  1- 3 |  4- 6 |  7- 9 | 10-12 || total
---------------------------+-------+-------+-------+-------++-------
  Melee: Unarmed           |    84 |   114 |   262 |    44 ||   504
         Punch             |     3 |     1 |    17 |     4 ||    25
   Fire: Orcbow            |       |       |    75 |    30 ||   105
  Throw: Stone             |     5 |       |       |       ||     5
         Dart              |     4 |     3 |    10 |       ||    17
         Boomerang         |       |     1 |       |       ||     1
         Javelin           |       |       |       |     3 ||     3
   Cast: Sandblast         |     4 |     2 |       |       ||     6
         Poisonous Vapours |       |       |    13 |       ||    13
         Mephitic Cloud    |       |       |     3 |     1 ||     4
         Brom's Barrelling |       |       |     1 |     3 ||     4
         Stone Arrow       |       |       |     1 |       ||     1
 Invoke: Heroism           |       |       |     3 |       ||     3
  Evoke: Wand              |       |       |     4 |       ||     4
    Use: Scroll            |       |       |     8 |       ||     8
         Potion            |       |       |     1 |       ||     1
   Stab: Sleeping          |     2 |     1 |       |       ||     3
         Paralysed         |       |       |    10 |       ||    10
 Armour: Robe              |    58 |    76 |   205 |    62 ||   401
  Dodge: Dodged            |    40 |    50 |   125 |    13 ||   228

Table legend: (Time is in decaauts)
 A = Elapsed time spent in this place.
 B = Non-inter-level travel time spent in this place.
 C = Inter-level travel time spent in this place.
 D = Time resting spent in this place.
 E = Time spent auto-exploring this place.
 F = Levels seen in this place.
 G = Mean time per level.
                   A        B        C        D        E       F      G
               +--------+--------+--------+--------+--------+-----+--------+
         Total |   7349 |   7154 |    195 |   1438 |   3990 |   9 |  816.6 |
       Dungeon |   7281 |   7102 |    179 |   1438 |   3990 |   8 |  910.1 |
        Temple |     67 |     51 |     16 |      0 |      0 |   1 |   67.0 |
               +--------+--------+--------+--------+--------+-----+--------+

Top non-repeatable levels by time:
     D:7: 1781 daAuts
     D:5: 1023 daAuts
     D:6: 1023 daAuts
     D:3: 1016 daAuts
     D:2: 971 daAuts
     D:4: 532 daAuts
     D:8: 478 daAuts
     D:1: 454 daAuts
  Temple: 67 daAuts
